 BcadrenCrawl: Boulder Brew version 0.03.3.1 (webtiles) character file.

Game seed: 8059420635333002553, levelgen mode: deterministic

1094 esc the Magician (level 8, -1/60 HPs) Gnoll Noble. Began on Mar 13, 2021. Slain by a vampire (13 damage) ... on level 4 of the Dungeon. The game lasted 00:03:19 (1190 turns).

esc the Magician (Gnoll Noble)                      Turns: 1190, Time: 00:03:20

Health: -1/60      AC: 10    Str: 12    XL:     8 ^: 790
Magic:  14/14      EV: 14    Int: 13    God:
Gold:   120        SH:  0    Dex: 21    Spells: 15/15 levels left

rFire    . . .     Vision   +   c - +3 longbow
rCold    . . .     Gourm    .   (also wielding the above weapon)
rNeg     . . .     Faith    .   a - +0 robe
rPois    .         Spirit   .   e - +0 hat {+Vis}
rElec    .         Reflect  .   f - +0 cloak
rCorr    .         Harm     .   d - +0 pair of gloves {archery}
MR       .....                  g - +0 pair of boots
Stlth    +++.......             (no amulet)
HPRegen  0.30/turn              j - ring of protection
MPRegen  0.24/turn              (no ring)

@: no status effects
A: distributed training, fangs 1, strong nose
a: no special abilities


You were on level 4 of the Dungeon.
You were not hungry.

You visited 2 branches of the dungeon, and saw 5 of its levels.
You also visited: Market.

You collected 116 gold pieces.
You spent 996 gold pieces at shops.

Inventory:

Weapons
 c - a +3 longbow (weapon)
Armour
 a - a +0 robe (worn)
 d - a +0 pair of gloves of archery (worn)
 e - a +0 hat of improved vision (worn)
 f - a +0 cloak (worn)
 g - a +0 pair of boots (worn)
Jewellery
 j - a ring of protection (left hand)
Wands
 q - a wand of ensnaring (2)
Scrolls
 h - 2 scrolls of teleportation
 k - a scroll of fear
 l - a scroll of holy word
 m - a scroll of fog
Potions
 i - 2 potions of agility
 n - 4 potions of curing
 o - 2 potions of heal wounds
 p - a potion of haste
Comestibles
 b - 5 rations
 r - a chunk of flesh


   Skills:
 + Level 4.1 Fighting
 + Level 3.1 Short Blades
 + Level 3.1 Long Blades
 + Level 3.1 Axes & Hammers
 + Level 3.1 Whips & Flails
 + Level 3.1 Polearms
 + Level 3.1 Maces & Staves
 + Level 3.1 Slings
 + Level 3.1 Bows
 + Level 3.1 Crossbows
   Level 0.0 Throwing
 + Level 3.1 Armour
 + Level 3.1 Dodging
 + Level 4.0 Stealth
 + Level 3.1 Shields
 + Level 3.1 Unarmed Combat
 + Level 4.3 Spellcasting
 + Level 2.5 Hexes
 + Level 2.5 Charms
 + Level 2.5 Summonings
 + Level 2.5 Necromancy
 + Level 2.5 Translocations
 + Level 2.5 Transmutations
 + Level 2.5 Fire Magic
 + Level 2.5 Ice Magic
 + Level 2.5 Air Magic
 + Level 2.5 Earth Magic
 + Level 2.5 Poison Magic
 + Level 3.5 Invocations
 + Level 3.1 Evocations


You had 15 spell levels left.
You didn't know any spells.
Your spell library contained the following spells:

 Spells                   Type           Power        Failure   Level  Hunger
 Leda's Liquefaction      Tmut/Erth      9 (200)      56%         4    ####...
 Bolt of Magma            Fire/Erth      9 (200)      89%         5    ######.
 Iron Shot                Erth           9 (200)      100%        6    #######
 Statue Form              Tmut/Erth      9 (150)      100%        6    #######
 Tunneling                Erth           9 (200)      100%        6    #######
 Shatter                  Erth           9 (200)      100%        9    #######


Dungeon Overview and Level Annotations

Branches:
Dungeon (4/8)              Temple (1/1) D:4

Altars:
Ashenzari
Cheibriados
Dithmenos
Elyvilon
Fedhas Madash
Gozag Ym Sagoz
Hepliaklqana
Kikubaaqudgha
Makhleb
Nemelex Xobeh
Okawaru
Qazlal
Ru
Sif Muna
Trog
Uskayaw
Wu Jian
Xom
Yredelemnul
Zin
The Shining One


Innate Abilities, Weirdness & Mutations

Your experience applies equally to all skills.
You have very sharp teeth.
Your uncanny sense of smell can sniff out nearby items.


Message History

The vampire closely misses you (0). The vampire bites you (2).
The vampire draws strength from your injuries (1).
The vampire barely misses you (0). The vampire bites you (8)!
* * * LOW HITPOINT WARNING * * *
The vampire draws strength from your injuries (8)!
Aiming:
c - a +3 longbow, Range: 1 (25%)
Press: ? - help, Shift-Dir - straight line, f/p - vampire
Aim: a vampire (moderately damaged (22/32))
You shoot an arrow. The arrow impales the vampire (5).
The vampire is heavily damaged. (17/32) HP The vampire closely misses you (0).
The vampire bites you (6).
* * * LOW HITPOINT WARNING * * *
The vampire draws strength from your injuries (3).
Aiming:
c - a +3 longbow, Range: 1 (25%)
Press: ? - help, Shift-Dir - straight line, f/p - vampire
Aim: a vampire (moderately damaged (20/32))
You shoot an arrow. The arrow punctures the vampire (5).
The vampire is heavily damaged. (15/32) HP The vampire hits you (13)!
You die...

####..##......
#[.....[...
####..........
##.......##..#.
#.....######...
#######.....#
###.
#...#.......#
#..
#.......#..##
###..
#...@..##..####
#....
#..V###.......#
#.##. #...
#.......###.##.
#...
#.......##.....
####
#..............
#.......#....#.
#.......#...##.
##############.
##


You could see a vampire.

Vanquished Creatures
  Grinder (D:3)
  A scorpion (D:3)
  An orc warrior (D:4)
  A porcupine (D:3)
  A sky beast (D:4)
  An ogre (D:3)
  A big kobold (D:2)
  2 crimson imps (D:3)
  2 worker ants (D:3)
  6 giant cockroaches
  2 bullfrog zombies
  A bullfrog skeleton (D:4)
  4 gnolls
  2 adders
  6 sewer rats (D:2)
  2 worms
  2 cinder newts
  A hound skeleton (D:3)
  A howler monkey skeleton (D:3)
  2 oozes (D:3)
  3 orcs
  3 adder skeletons (D:3)
  An adder zombie (D:3)
  A cinder newt skeleton (D:2)
  4 kobolds
  A ball python zombie (D:3)
  A jackal zombie (D:3)
  3 quokka skeletons (D:3)
  3 withered plants (D:2)
60 creatures vanquished.

Vanquished Creatures (others)
  9 withered plants
9 creatures vanquished.

Grand Total: 69 creatures vanquished

Notes
Turn   | Place    | Note
-------+----------+-------------------------------------------
     0 | Start Ma | esc the Gnoll Noble began the quest for the Orb.
     0 | Start Ma | Reached XP level 1. HP: 17/17 MP: 4/4
     0 | Start Ma | Found Uweadd's Expert Tomes.
     0 | Start Ma | Found Ocliemp's Auxillary Armour.
     6 | Start Ma | Bought a +0 longbow for 180 gold pieces
    12 | Start Ma | Bought a +0 pair of gloves of archery for 230 gold pieces
    12 | Start Ma | Bought a +0 hat of improved vision for 220 gold pieces
    23 | Start Ma | Bought a +0 cloak for 135 gold pieces
    34 | Start Ma | Found Riellia's Mashing MeleeMart.
    39 | Start Ma | Bought a +0 pair of boots for 135 gold pieces
    66 | Start Ma | Bought 2 scrolls of teleportation for 96 gold pieces
    72 | D:1      | esc set off with the following items: a +0 robe, a ration,
                  | a +0 longbow, a +0 pair of gloves of archery, a +0 hat of
                  | improved vision, a +0 cloak, a +0 pair of boots, 2 scrolls
                  | of teleportation
    75 | D:1      | Reached XP level 2. HP: 23/23 MP: 5/5
   358 | D:2      | Reached XP level 3. HP: 28/28 MP: 7/7
   360 | D:2      | Reached skill level 1 in Invocations
   361 | D:2      | Reached skill level 1 in Short Blades
   361 | D:2      | Reached skill level 1 in Long Blades
   361 | D:2      | Reached skill level 1 in Axes & Hammers
   361 | D:2      | Reached skill level 1 in Whips & Flails
   361 | D:2      | Reached skill level 1 in Polearms
   361 | D:2      | Reached skill level 1 in Maces & Staves
   361 | D:2      | Reached skill level 1 in Slings
   361 | D:2      | Reached skill level 1 in Bows
   361 | D:2      | Reached skill level 1 in Crossbows
   361 | D:2      | Reached skill level 1 in Armour
   361 | D:2      | Reached skill level 1 in Dodging
   361 | D:2      | Reached skill level 1 in Shields
   361 | D:2      | Reached skill level 1 in Unarmed Combat
   361 | D:2      | Reached skill level 1 in Evocations
   365 | D:2      | Reached XP level 4. HP: 34/34 MP: 8/8
   373 | D:2      | Reached skill level 1 in Hexes
   373 | D:2      | Reached skill level 1 in Charms
   373 | D:2      | Reached skill level 1 in Summonings
   373 | D:2      | Reached skill level 1 in Necromancy
   373 | D:2      | Reached skill level 1 in Translocations
   373 | D:2      | Reached skill level 1 in Transmutations
   373 | D:2      | Reached skill level 1 in Fire Magic
   373 | D:2      | Reached skill level 1 in Ice Magic
   373 | D:2      | Reached skill level 1 in Air Magic
   373 | D:2      | Reached skill level 1 in Earth Magic
   373 | D:2      | Reached skill level 1 in Poison Magic
   379 | D:2      | Noticed a big kobold
   382 | D:2      | Killed a big kobold
   382 | D:2      | Reached XP level 5. HP: 41/41 MP: 9/9
   409 | D:3      | Noticed an ogre
   414 | D:3      | Killed an ogre
   414 | D:3      | Reached XP level 6. HP: 47/47 MP: 9/11
   497 | D:3      | Noticed Grinder
   499 | D:3      | Killed Grinder
   499 | D:3      | Reached XP level 7. HP: 52/52 MP: 12/12
   866 | D:3      | Reached XP level 8. HP: 60/60 MP: 14/14
   988 | D:4      | Found a staircase to the Ecumenical Temple.
  1032 | Temple   | Entered the Ecumenical Temple
  1190 | D:4      | Slain by a vampire

Levels and vault maps discovered:
D:1:      nzn_arrival_water_spiral, layout_rooms, first_ration
D:2:      layout_sewer, lemuel_round_altar
D:3:      layout_loops_cross, serial_undead, serial_undead_a, serial_undead_b,
          serial_undead_b, serial_undead_f, serial_undead_e, uniq_grinder
D:4:      ossuary_tomb_3, layout_rooms, minmay_temple_entry_mist
Temple:   dpeg_three_leaves_temple

Skill      XL: |  1  2  3  4  5  6  7  8 |
---------------+-------------------------+-----
Invocations    | 1 2 3 |  3.5
Short Blades   | 1 2 3 |  3.1
Long Blades    | 1 2 3 |  3.1
Axes & Hammers | 1 2 3 |  3.1
Whips & Flails | 1 2 3 |  3.1
Polearms       | 1 2 3 |  3.1
Maces & Staves | 1 2 3 |  3.1
Slings         | 1 2 3 |  3.1
Bows           | 1 2 3 |  3.1
Crossbows      | 1 2 3 |  3.1
Armour         | 1 2 3 |  3.1
Dodging        | 1 2 3 |  3.1
Shields        | 1 2 3 |  3.1
Unarmed Combat | 1 2 3 |  3.1
Evocations     | 1 2 3 |  3.1
Spellcasting   | 3 4 |  4.3
Hexes          | 1 2 |  2.5
Charms         | 1 2 |  2.5
Summonings     | 1 2 |  2.5
Necromancy     | 1 2 |  2.5
Translocations | 1 2 |  2.5
Transmutations | 1 2 |  2.5
Fire Magic     | 1 2 |  2.5
Ice Magic      | 1 2 |  2.5
Air Magic      | 1 2 |  2.5
Earth Magic    | 1 2 |  2.5
Poison Magic   | 1 2 |  2.5
Fighting       | 3 4 |  4.1
Stealth        | 3 4 |  4.0

Action                   |  1- 3 |  4- 6 |  7- 9 || total
-------------------------+-------+-------+-------++-------
 Fire: Longbow           |    12 |    33 |    55 ||   100
  Use: Scroll            |     1 |       |     2 ||     3
  Eat: Chunk             |       |       |     1 ||     1
Armor: Robe              |       |     1 |     6 ||     7
Dodge: Dodged            |     3 |     6 |    10 ||    19
